 Dungeon Crawl Stone Soup version 0.17-a0-1443-g24042e0 (webtiles) character file.

60 Vlagh the Digger (level 4, -3/24 HPs)
             Began as a Gargoyle Earth Elementalist on June 28, 2015.
             Slain by a gnoll
             ... wielding a +0 halberd
              (5 damage)
             ... on level 2 of the Dungeon.
             The game lasted 00:14:07 (1921 turns).

Vlagh the Digger (Gargoyle Earth Elementalist)      Turns: 1921, Time: 00:14:07

Health: -3/24      AC:  5    Str: 12    XL:     4   Next: 4%
Magic:  3/9        EV: 12    Int: 16    God:
Gold:   56         SH:  0    Dex: 10    Spells: 3 memorised, 3 levels left

rFire  . . .     SeeInvis .     w - +0 mace
rCold  . . .     Clarity  .     b - +0 robe
rNeg   + . .     SustAt   .     (no shield)
rPois  ∞         Gourm    .     (no helmet)
rElec  +         Spirit   .     (no cloak)
rCorr  .         Warding  .     (no gloves)
rMut   .         Stasis   .     (no boots)
MR     .....                    (no amulet)
Stlth  ++........               (no ring)
                                (no ring)

@: very slightly contaminated, not resistant to hostile enchantments, unstealthy
A: negative energy resistance 1, electricity resistance, unbreathing,
petrification resistance, rot immunity, AC +3
a: no special abilities


You were on level 2 of the Dungeon.
You were not hungry.

You visited 1 branch of the dungeon, and saw 2 of its levels.

You collected 56 gold pieces.

Inventory:

Hand weapons
 k - a +0 short sword
 n - a +0 club
 r - a +3 dagger of protection
 s - a +0 whip
 w - a +0 mace (weapon)
Missiles
 a - 37 stones (quivered)
 v - 15 poisoned needles
Armour
 b - a +0 robe (worn)
 i - a +0 leather armour
 u - a +0 large shield
Scrolls
 e - 2 scrolls of enchant weapon {unknown}
 f - 3 scrolls of identify {unknown}
 g - 4 scrolls of teleportation {unknown}
 h - a scroll of remove curse {unknown}
 p - a scroll of magic mapping {unknown}
Potions
 l - a potion of agility {unknown}
 m - a potion of poison {unknown}
 t - a potion of degeneration {unknown}
Books
 c - a book of Geomancy

   Spells                             Type                      Level
   a - Sandblast                      Earth                        1
   b - Stoneskin                      Transmutation/Earth          2
   c - Passwall                       Transmutation/Earth          3
   d - Stone Arrow                    Conjuration/Earth            3
   e - Petrify                        Transmutation/Earth          4
   f - Lee's Rapid Deconstruction     Earth                        5
Comestibles
 d - a bread ration
 j - a meat ration
 o - a slice of pizza
 q - a chunk of flesh


   Skills:
 - Level 1.5 Dodging
 - Level 2.1 Stealth
 * Level 3.3 Spellcasting
 - Level 0.7 Transmutations
 + Level 4.4 Earth Magic


You had 3 spell levels left.
You knew the following spells:

 Your Spells              Type           Power        Failure   Level  Hunger
a - Sandblast             Erth           ###...       3%          1    None
b - Stoneskin             Trmt/Erth      ##......     12%         2    ##.....
c - Stone Arrow           Conj/Erth      #.....       21%         3    ###....


Dungeon Overview and Level Annotations

Branches:
Dungeon (2/15)

Altars:


Innate Abilities, Weirdness & Mutations

You are resistant to torment.
Your stone body is resilient (AC +3).
You are immune to poison.
You resist negative energy.
You are resistant to electric shocks.
You can survive without breathing.
You are immune to petrification.
You are immune to rotting.


Message History

Confirm with . or Enter, or press ? or * to list all spells.
Aiming: Sandblast
Press: ? - help, Shift-Dir - straight line, f/p - gnoll
Aim: a gnoll, wielding a spear (moderately wounded)
The blast of sand hits the gnoll.
The gnoll is severely wounded.
The gnoll hits you from afar with a spear!
* * * LOW HITPOINT WARNING * * *
The gnoll hits you but does no damage.
Casting: Sandblast
Confirm with . or Enter, or press ? or * to list all spells.
Aiming: Sandblast
Press: ? - help, Shift-Dir - straight line, f/p - gnoll
Aim: a gnoll, wielding a spear (severely wounded)
The blast of sand hits the gnoll.
The gnoll is almost dead.
The gnoll hits you from afar with a spear.
* * * LOW HITPOINT WARNING * * *
The gnoll hits you from afar with a halberd.
You die...

########## #........#
#........# #........#
#........#
######........####.##.#
##.............@.g.....#
#...#............g......
#......#...#....#g.....#
...#.###..#....#......#
#..#......#....#......#
###..#...#..###.##....###
#....#.#....# #.. ..#.#
#.##.#.#..>............
...#...#..#.### ##.


You could see 3 gnolls.

Vanquished Creatures
  3 adders (D:2)
  3 bats
  A giant cockroach (D:1)
  7 goblins
  3 hobgoblins (D:1)
  3 giant newts
  5 kobolds (D:1)
  9 rats
34 creatures vanquished.

Notes
Turn   | Place    | Note
--------------------------------------------------------------
     0 | D:1      | Vlagh the Gargoyle Earth Elementalist began the quest for the Orb.
     0 | D:1      | Reached XP level 1. HP: 10/10 MP: 3/3
   394 | D:1      | Reached XP level 2. HP: 15/15 MP: 3/5
   523 | D:1      | Reached skill level 4 in Earth Magic
  1392 | D:1      | Reached XP level 3. HP: 19/19 MP: 5/7
  1400 | D:1      | Learned a level 2 spell: Stoneskin
  1404 | D:1      | Learned a level 3 spell: Stone Arrow
  1913 | D:2      | Reached XP level 4. HP: 24/24 MP: 9/9
  1921 | D:2      | Slain by a gnoll

Vault maps used:
D:1:      elethiomel_arrival_fortress_basement, minmay_misc_feat_four_crosses

Action                   |  1- 3 |  4- 6 || total
-------------------------+-------+-------++-------
Melee: Unarmed           |    26 |       ||    26
       Mace              |     4 |     1 ||     5
 Cast: Sandblast         |    53 |     4 ||    57
 Stab: Distracted        |     1 |       ||     1
  Eat: Chunk             |     2 |       ||     2
       Beef jerky        |     1 |       ||     1
